 Dungeon Crawl Stone Soup version 0.26.1-11-gd32895ea62 (webtiles) character file.

Game seed: 16153357552589086696

60 rel the Cutter (level 4, -6/43 HPs)
             Began as a Kobold Berserker on May 7, 2021.
             Was a Believer of Trog.
             Mangled by a gnoll
             ... wielding a +0 spear
              (7 damage)
             ... on level 2 of the Dungeon on June 20, 2021.
             The game lasted 00:05:30 (1701 turns).

rel the Cutter (Kobold Berserker)                   Turns: 1701, Time: 00:05:30

Health: -6/43      AC:  3    Str: 14    XL:     4   Next: 24%
Magic:  4/4        EV: 15    Int:  8    God:    Trog [**....]
Gold:   149        SH:  0    Dex: 15    Spells: 3/3 levels left

rFire    . . .     SeeInvis .   a - +0 short sword
rCold    . . .     Faith    .   (shield restricted)
rNeg     . . .     Spirit   .   g - +0 leather armour
rPois    .         Reflect  .   (no helmet)
rElec    .         Harm     .   (no cloak)
rCorr    .         Rampage  .   (no gloves)
Will     .....                  (no boots)
Stlth    ..........             (no amulet)
HPRegen  0.14/turn              (no ring)
MPRegen  0.09/turn              (no ring)

@: berserking, very quick
A: small, nightstalker 3
a: Renounce Religion, Berserk, Trog's Hand


You were on level 2 of the Dungeon.
You worshipped Trog.
Trog was pleased with you.
You visited 1 branch of the dungeon, and saw 2 of its levels.

You collected 149 gold pieces.

Inventory:

Hand Weapons
 a - a +0 short sword (weapon)
Armour
 g - a +0 leather armour (worn)
Jewellery
 k - a cursed ring of teleportation {unknown}
Scrolls
 e - a scroll of blinking {unknown}
 f - 2 scrolls of amnesia {unknown}
 h - a scroll of enchant armour {unknown}
 i - a scroll of fear {unknown}
 j - 2 scrolls of remove curse {unknown}
 l - 2 scrolls of identify {unknown}
 m - a scroll of magic mapping {unknown}
Potions
 b - a potion of cancellation {unknown}
 c - a potion of curing {unknown}
 d - a potion of attraction {unknown}


   Skills:
 * Level 4.2 Fighting
 + Level 4.9 Short Blades
 - Level 1.5 Armour
 * Level 2.9 Dodging
 + Level 1.2 Stealth


You had 3 spell levels left.
You didn't know any spells.
Your spell library was empty.

Dungeon Overview and Level Annotations

Branches:
Dungeon (2/15)

Altars:
Cheibriados
Fedhas


Innate Abilities, Weirdness & Mutations

You are small and have problems with some larger weapons.
You are completely attuned to the shadows.


Message History

The gnoll hits you from afar with a +0 halberd!
The gnoll hits you with a +0 flail.
A red film seems to cover your vision as you go berserk!
You feel yourself moving faster!
You feel mighty! The hobgoblin misses you.
The gnoll hits you from afar with a +0 halberd!
* * * LOW HITPOINT WARNING * * *
The gnoll completely misses you. The gnoll misses you.
You puncture the gnoll!
The gnoll is severely wounded.
The gnoll misses you. The hobgoblin barely misses you.
You puncture the gnoll!
You kill the gnoll!
Trog accepts your kill. The gnoll barely misses you. The gnoll misses you.
The gnoll hits you from afar with a +0 spear!
* * * LOW HITPOINT WARNING * * *
You closely miss the gnoll. The hobgoblin closely misses you.
You closely miss the gnoll.
The gnoll hits you from afar with a +0 spear!
You die...

#.###.#††..........
.....#.#..##........
.......#.....#.#####
.............#......
..........###.#..#######
........................
..........###...##.#.###
......g)..# #....#...#
.....g.@..# #....#######
.....gg...# #....#.....#
..........# #>..........
..........###.##.#.##...
#######.÷###...##..##...
##.##.....##.##...
#.#.......#.##.^.
#....._.....##...
###...)...#.....≈


You could see 3 gnolls and a hobgoblin.

Vanquished Creatures
  2 gnolls
  A worm (D:2)
  3 dart slugs (D:1)
  2 leopard geckos (D:1)
  A giant cockroach (D:2)
  3 goblins
  2 hobgoblins
  3 jackals (D:2)
  A ball python (D:2)
  2 bats
  A frilled lizard (D:1)
  5 kobolds (D:1)
  6 rats
32 creatures vanquished.

Notes
Turn   | Place    | Note
-------+----------+-------------------------------------------
     0 | D:1      | rel the Kobold Berserker began the quest for the Orb.
     0 | D:1      | Reached XP level 1. HP: 14/14 MP: 1/1
   264 | D:1      | Reached XP level 2. HP: 9/20 MP: 2/2
   616 | D:1      | Reached XP level 3. HP: 24/24 MP: 3/3
  1319 | D:2      | Found a snail-covered altar of Cheibriados.
  1465 | D:2      | Reached ** piety under Trog
  1486 | D:2      | Reached skill level 1 in Stealth
  1491 | D:2      | Reached XP level 4. HP: 22/29 MP: 4/4
  1664 | D:2      | Found a blossoming altar of Fedhas.
  1699 | D:2      | HP: 1/43 [gnoll/+0 spear (8)]
  1701 | D:2      | Mangled by a gnoll

Illustrated notes

Levels and vault maps discovered:
D:1:      lightli_arrival_maybe_door_vault, layout_loops_ring
D:2:      layout_basic, fedhas_ov_isle_minmay, lemuel_round_altar

Skill      XL: |  1  2  3 |
---------------+----------+-----
Fighting       | 4 |  4.2
Stealth        | 1 |  1.2
Short Blades   | |  4.9
Armour         | |  1.5
Dodging        | |  2.9

Action                   |  1- 3 |  4- 6 || total
-------------------------+-------+-------++-------
Melee: Short sword       |   115 |     8 ||   123
Invok: Berserk           |       |     1 ||     1
 Stab: Sleeping          |     5 |       ||     5
Armor: Animal skin       |     2 |       ||     2
       Leather armour    |    11 |       ||    11
Dodge: Dodged            |    74 |    11 ||    85
